 Dungeon Crawl Stone Soup version 0.29-a0-275-g389c0b56f3 (webtiles) character file.

Game seed: 1147960731188939968

125 Ajdolov the Sneak (level 5, -2/35 HPs)
             Began as an Octopode Transmuter on Mar 12, 2022.
             Slain by an iguana (6 damage)
             ... on level 4 of the Dungeon.
             The game lasted 00:03:49 (2737 turns).

Ajdolov the Sneak (Octopode Transmuter)             Turns: 2737, Time: 00:03:50

Health: -2/35      AC:  1    Str: 10    XL:     5   Next: 9%
Magic:  8/8        EV: 13    Int: 17    God:
Gold:   225        SH:  5    Dex: 12    Spells: 3/8 levels left

rFire   . . .      SeeInvis .     - Unarmed
rCold   . . .      Faith    .   (no shield)
rNeg    + . .      Spirit   .   (helmet restricted)
rPois   .          Reflect  +   f - amulet of reflection
rElec   .          Harm     .   m - ring of positive energy
rCorr   .          Rampage  .   (no ring)
Will    .....                   (no ring)
Stlth   +++.......              (no ring)
HPRegen 0.11/turn               (no ring)
MPRegen 0.11/turn               (no ring)
                                (no ring)
                                (no ring)

@: no status effects
A: almost no armour, amphibious, 8 rings, camouflage 1, gelatinous body 1,
(nimble swimmer 1), tentacles
a: no special abilities


You were on level 4 of the Dungeon.
You visited 1 branch of the dungeon, and saw 4 of its levels.

You collected 225 gold pieces.

Inventory:

Jewellery
 f - an amulet of reflection (around mantle)
 m - a ring of positive energy (left tentacle)
Wands
 o - a wand of flame (17)
Scrolls
 c - a scroll of identify {unknown}
 e - a scroll of summoning {unknown}
 g - a scroll of acquirement {unknown}
 h - 3 scrolls of teleportation {unknown}
 i - 2 scrolls of amnesia {unknown}
 k - a scroll of vulnerability {unknown}
 l - a scroll of silence {unknown}
Potions
 a - a potion of lignification
 b - a potion of curing
 d - 2 potions of heal wounds {unknown}
 j - 2 potions of might {unknown}
 n - a potion of brilliance {unknown}


   Skills:
 + Level 2.6 Fighting
 - Level 2.0 Dodging
 - Level 4.0 Stealth
 + Level 3.9 Unarmed Combat
 - Level 2.0 Spellcasting
 - Level 2.0 Transmutations


You had 3 spell levels left.
You knew the following spells:

 Your Spells              Type           Power      Damage    Failure   Level
a - Beastly Appendage     Tmut           16%        N/A       9%          1
b - Ice Form              Ice/Tmut       5%         N/A       77%         4

Your spell library contained the following spells:

 Spells                   Type           Power      Damage    Failure   Level
 Wereblood                Tmut           8%         N/A       13%         2
 Spider Form              Tmut/Pois      5%         N/A       36%         3
 Dazzling Flash           Conj/Hex       2%         N/A       50%         3
 Gell's Gravitas          Tloc           1%         N/A       50%         3
 Lesser Beckoning         Tloc           1%         N/A       50%         3
 Teleport Other           Tloc           1%         N/A       50%         3
 Agony                    Necr           1%         N/A       99%         5
 Silence                  Hex/Air        0%         N/A       99%         5


Dungeon Overview and Level Annotations

Branches:
Dungeon (4/15)
 Temple: D:4-7

Altars:
Kikubaaqudgha
The Shining One

Annotations:
D:3 1 runed translucent door, t4s4d4r's ghost, amateur OpEE


Innate Abilities, Weirdness & Mutations

You cannot wear most types of armour.
You are amphibious.
You can wear up to eight rings at the same time.
Your skin changes colour to match your surroundings (Stealth+).
Your rubbery body absorbs attacks. (AC +1, EV +1)
((You are camouflaged when in or above water. (Stealth+)))
You have tentacles for arms and can constrict up to eight enemies at once.


Message History

The quokka bites you.
You see here a hobgoblin corpse.
You tentacle-slap the quokka but do no damage.
Your grab misses the quokka. Your squeeze misses the quokka.
You block the quokka's attack.
You tentacle-slap the quokka. You grab the quokka.
The quokka is severely wounded.
You constrict the quokka, but do no damage.
You block the quokka's attack.
You tentacle-slap the quokka. x2
You kill the quokka!
j - 2 coppery potions (gained 1)
An iguana comes into view.
An iguana is nearby!
You tentacle-slap the iguana but do no damage.
You grab the iguana. You constrict the iguana. The iguana bites you!
You tentacle-slap the iguana.
The iguana is lightly wounded.
You constrict the iguana, but do no damage.
The iguana bites you!
You tentacle-slap the iguana.
The iguana is heavily wounded.
You constrict the iguana, but do no damage.
You tentacle-slap the iguana.
The iguana is severely wounded.
You constrict the iguana, but do no damage.
The iguana bites you!
* * * LOW HITPOINT WARNING * * *
It was a potion of curing.
You feel better.
You constrict the iguana. The iguana barely misses you.
You completely miss the iguana.
The iguana is severely wounded.
You constrict the iguana. The iguana bites you!
* * * LOW HITPOINT WARNING * * *
You tentacle-slap the iguana but do no damage.
The iguana is almost dead.
You constrict the iguana, but do no damage.
The iguana hisses menacingly.
The iguana bites you.
You die...

.# .# .# .# .# .######
.##...# .##.#.### ########
....#...#######.@l...#
..#####.........####.#
....#...######### #.#
.##.#.### #.# ##
.##.†.########## #.#[.
........##.....# #.#.# ###
.###.##.##.....#####.#.#....
.# #.##.##..................
(###.##..............>....#


You could see an iguana.

Vanquished Creatures
  4 adders
  2 worms
  3 dart slugs
  4 orcs (D:4)
  5 bats
  5 endoplasms
  2 giant cockroaches
  12 goblins
  4 hobgoblins
  7 kobolds
  3 quokkas
  5 ball pythons
  2 frilled lizards
  7 rats
65 creatures vanquished.

Notes
Turn   | Place    | Note
-------+----------+-------------------------------------------
     0 | D:1      | Ajdolov the Octopode Transmuter began the quest for the
                  | Orb.
     0 | D:1      | Reached XP level 1. HP: 13/13 MP: 3/3
    54 | D:1      | Reached skill level 1 in Stealth
   100 | D:1      | Reached skill level 2 in Stealth
   120 | D:1      | Reached XP level 2. HP: 16/18 MP: 5/5
   251 | D:1      | Reached skill level 3 in Stealth
   592 | D:1      | Reached XP level 3. HP: 23/23 MP: 6/6
   657 | D:1      | Reached skill level 4 in Stealth
  1576 | D:2      | Reached XP level 4. HP: 29/29 MP: 7/7
  1581 | D:2      | Learned a level 4 spell: Ice Form
  1748 | D:2      | Found a faded altar of an unknown god.
  2020 | D:3      | Noticed t4s4d4r's ghost (amateur OpEE)
  2023 | D:3      | Found a runed translucent door.
  2164 | D:3      | Found an ancient bone altar of Kikubaaqudgha.
  2182 | D:3      | Found a glowing golden altar of the Shining One.
  2430 | D:4      | Reached XP level 5. HP: 25/35 MP: 8/8
  2734 | D:4      | HP: 1/35 [iguana (11)]
  2737 | D:4      | Slain by an iguana

Illustrated notes

Levels and vault maps discovered:
D:1:      psy_arrival_fountain, layout_rooms, minmay_distorted
D:2:      layout_basic, dilly_ecumenical_altar_fadedgnrine
D:3:      layout_rooms, mainiacjoe_overflow_big_doors,
          hellmonk_ghost_happy_afterlife, saegor_snake_ambush
D:4:      layout_loops_ring, mainiacjoe_overflow_24_doors, serial_shops,
          shop_coins, uniq_sigmund

Skill      XL: |  1  2  3  4 |
---------------+-------------+-----
Stealth        | 2 3 4 |  4.0
Fighting       | 2 |  2.6
Dodging        | |  2.0
Unarmed Combat | |  3.9
Spellcasting   | |  2.0
Transmutations | |  2.0

Action                   |  1- 3 |  4- 6 || total
-------------------------+-------+-------++-------
Melee: Unarmed           |    69 |    72 ||   141
       Constrict         |    22 |    16 ||    38
       Tentacles         |    16 |     9 ||    25
       Punch             |       |     3 ||     3
  Use: Potion            |       |     1 ||     1
 Stab: Sleeping          |    10 |    11 ||    21
Armor: Skin              |    11 |     3 ||    14
Dodge: Dodged            |    23 |    28 ||    51
Block: Other             |     8 |    11 ||    19
       Reflection        |     1 |       ||     1

Table legend: (Time is in decaauts)
 A = Elapsed time spent in this place.
 B = Non-inter-level travel time spent in this place.
 C = Inter-level travel time spent in this place.
 D = Time resting spent in this place.
 E = Time spent auto-exploring this place.
 F = Levels seen in this place.
 G = Mean time per level.
                   A        B        C        D        E       F      G
               +--------+--------+--------+--------+--------+-----+--------+
         Total |   2725 |   2597 |    128 |    439 |   1658 |   4 |  681.2 |
       Dungeon |   2725 |   2597 |    128 |    439 |   1658 |   4 |  681.2 |
               +--------+--------+--------+--------+--------+-----+--------+

Top non-repeatable levels by time:
     D:1: 984 daAuts
     D:2: 791 daAuts
     D:3: 602 daAuts
     D:4: 347 daAuts
